 Dungeon Crawl Stone Soup version 0.20.0-15-g7f486f2 (webtiles) character file.

7284 KleinerIrrer the Blocker (level 11, -4/87 HPs)
             Began as a Formicid Fighter on June 28, 2017.
             Was an Initiate of Gozag.
             Slain by a red ugly thing (16 damage)
             ... on level 10 of the Dungeon.
             The game lasted 00:24:53 (9568 turns).

KleinerIrrer the Blocker (Formicid Fighter)         Turns: 9568, Time: 00:24:54

Health: -4/87      AC: 12    Str: 30    XL:     11   Next: 34%
Magic:  15/15      EV: 11    Int:  7    God:    Gozag
Gold:   916        SH: 14    Dex: 13    Spells: 10/10 levels left

rFire    . . .     SeeInvis +   T - +6 scimitar (flame)
rCold    . . .     Gourm    .   c - +1 shield
rNeg     . . .     Faith    .   n - +0 chain mail
rPois    .         Spirit   .   (helmet unavailable)
rElec    .         Reflect  .   (no cloak)
rCorr    .         Harm     .   u - +0 pair of gloves (curse)
MR       +....                  (no boots)
Stlth    ..........             (no amulet)
Regen    0.3/turn               r - +3 ring of dexterity
MPRegen  0.2/turn               O - ring of stealth

@: mighty, gold aura
A: permanent stasis, dig shafts and tunnels, four strong arms, antennae 3
a: Dig, Shaft Self, Potion Petition, Call Merchant, Bribe Branch, Renounce
Religion


You were on level 10 of the Dungeon.
You worshipped Gozag.
Gozag was pleased with you.
You were not hungry.

You visited 2 branches of the dungeon, and saw 11 of its levels.
You also visited: Sewer.

You collected 1522 gold pieces.
You spent 558 gold pieces at shops.
You paid 48 gold pieces to Gozag.

Inventory:

Hand Weapons
 l - a +2 short sword of speed
 o - a +1 short sword of electrocution
 s - a +1 dagger of venom
 C - a +1 dagger of freezing
 T - a +6 scimitar of flaming (weapon)
Armour
 c - a +1 shield (worn)
 n - a +0 chain mail (worn)
 u - a cursed +0 pair of gloves (worn)
Magical Staves
 F - an uncursed staff of earth
Jewellery
 b - an uncursed amulet of the gourmand
 p - an uncursed ring of ice
 r - a +3 ring of dexterity (left hand)
 y - an uncursed ring of ice
 A - an uncursed ring of teleportation
 L - an uncursed ring of wizardry
 O - a ring of stealth (right hand)
 S - a cursed ring of teleportation
Wands
 a - a wand of scattershot (4/9)
 h - a wand of paralysis (18/24)
 q - a wand of clouds (4/9)
 G - a wand of lightning (6/15)
 H - a wand of enslavement (15/24)
 M - a wand of polymorph (12/24)
 P - a wand of digging (6/24)
 R - a wand of scattershot (2/9)
Scrolls
 d - 2 scrolls of amnesia
 j - 2 scrolls of teleportation
 w - 3 scrolls of remove curse
 x - a scroll of fog
 D - 3 scrolls of identify
 E - a scroll of magic mapping
 J - a scroll of fear
Potions
 e - 5 potions of curing
 i - 2 potions of berserk rage
 k - 2 potions of flight
 m - a potion of invisibility {unknown}
 t - a potion of brilliance {unknown}
 z - a potion of heal wounds
 B - 2 potions of resistance
 I - a potion of cancellation
 K - a potion of magic {unknown}
 N - a potion of degeneration {unknown}
 V - a potion of mutation {unknown}
Comestibles
 f - 3 bread rations
 g - 3 royal jellies
 U - 7 fruits


   Skills:
 + Level 8.6 Fighting
 * Level 6.6 Long Blades
 + Level 9.2 Armour
 + Level 4.6 Dodging
 + Level 10.9 Shields
 * Level 5.3 Evocations


You had 10 spell levels left.
You didn't know any spells.

Dungeon Overview and Level Annotations

Branches:
Dungeon (10/15)            Temple (1/1) D:4            Lair (0/6) D:10
    Orc (0/2) D:10

Altars:
Cheibriados
Dithmenos
Elyvilon
Fedhas
Gozag
Kikubaaqudgha
Nemelex Xobeh
Okawaru
Ru
Sif Muna
Zin

Shops:
D:7 *   D:9 [

Annotations:
D:10 zebratul's ghost, journeyman TrTm


Innate Abilities, Weirdness & Mutations

You cannot be hasted, slowed, berserked, paralysed or teleported.
You can dig through walls and to a lower floor.
Your four strong arms can wield two-handed weapons with a shield.
You have a pair of large antennae on your head. (SInv)


Message History

You block the hippogriff's attack.
A hell hound comes into view.
You slash the hippogriff! You burn the hippogriff.
The hippogriff is heavily wounded.
The red ugly thing is no longer distracted by gold.
The red ugly thing pecks you.
You are engulfed in flames!
* * * LOW HITPOINT WARNING * * *
The hippogriff bites you.
* * * LOW HITPOINT WARNING * * *
The hippogriff pecks you but does no damage.
You block the hippogriff's attack.
You slash the hippogriff! You burn the hippogriff.
The hippogriff is almost dead.
The hell hound is distracted by your gold.
The red ugly thing closely misses you. You block the hippogriff's attack. x3
The red ugly thing pecks you!
* * * LOW HITPOINT WARNING * * *
You are engulfed in flames!
You die...
Your body crumbles into a pile of gold.

#......# ≈.> #......#
.≈§.≈≈≈ ####....>.#
§§h≈≈≈≈ #.........#
..§§≈..
#.........##+#.§.§§..
#..............§§....
#...............§§§..
#....................
#..).........@H......
#.............u......
#....................
#....###########..[..
#....# ..### #....#
.# #.. #....# # #..#
#....# #..# #..#
#....# #..# #..#


You could see a red ugly thing, a hippogriff and a hell hound (unaware).

Vanquished Creatures
  A two-headed ogre (D:10)
  Erica (D:9)
  Pikel (D:8)
  Joseph (D:8)
  The ghost of ANON1729 the Destroyer, a novice TeCj (D:6)
  2 trolls (D:10)
  2 hippogriffs
  A wyvern (D:8)
  2 hungry ghosts (D:9)
  The ghost of marsu the Ruffian, an amateur GrMo of Makhleb (Sewer)
  A water moccasin (D:8)
  The ghost of Zaque the Gusty, an amateur TeAE (D:3)
  An orc warrior (D:8)
  4 ice beasts
  2 sky beasts
  3 phantoms
  An eye of draining (D:8)
  2 black bears
  3 ogres
  A crocodile (Sewer)
  4 bullfrogs
  A wyvern zombie (D:8)
  2 scorpions
  2 howler monkeys
  4 wights (D:9)
  3 crimson imps
  3 hounds
  2 quasits
  A bullfrog skeleton (D:3)
  A gnoll shaman (D:6)
  An orc priest (D:6)
  5 orc wizards
  Terence (D:2)
  9 worker ants
  4 hound skeletons
  3 worker ant zombies
  Robin (D:2)
  13 gnolls
  9 adders
  3 shadow imps
  An ooze (D:5)
  4 adder zombies (D:2)
  An adder skeleton (D:4)
  A worm (D:2)
  A dart slug (D:1)
  14 leopard geckos
  31 orcs
  A ball python (D:3)
  11 bats
  2 bat skeletons (D:2)
  A bat zombie (D:2)
  8 giant cockroaches
  17 goblins
  9 hobgoblins
  4 jackals
  12 quokkas
  2 frilled lizards
  A giant cockroach zombie (D:2)
  A jackal skeleton (D:2)
  A jackal zombie (D:5)
  13 kobolds
  A quokka skeleton (D:8)
  A quokka zombie (D:2)
  9 rats
251 creatures vanquished.

Vanquished Creatures (others)
  4 slaves (D:8)
  An orc (D:4)
  4 toadstools (D:1)
9 creatures vanquished.

Grand Total: 260 creatures vanquished

Notes
Turn   | Place    | Note
-------+----------+-------------------------------------------
     0 | D:1      | KleinerIrrer the Formicid Fighter began the quest for the Orb.
     0 | D:1      | Reached XP level 1. HP: 18/18 MP: 1/1
   123 | D:1      | Reached XP level 2. HP: 23/24 MP: 2/2
   264 | D:1      | HP: 1/24 [kobold/short sword of electrocution (15)]
   412 | D:1      | Reached XP level 3. HP: 30/30 MP: 3/3
   583 | D:1      | Reached skill level 4 in Shields
   703 | D:2      | Reached XP level 4. HP: 33/37 MP: 4/4
   922 | D:2      | Noticed Terence
   930 | D:2      | Killed Terence
   930 | D:2      | Reached XP level 5. HP: 41/42 MP: 5/5
   993 | D:2      | Reached skill level 1 in Dodging
  1048 | D:2      | Noticed Robin
  1076 | D:2      | Killed Robin
  1258 | D:2      | Reached XP level 6. HP: 45/48 MP: 6/6
  1629 | D:3      | Reached skill level 5 in Shields
  1991 | D:3      | Noticed Zaque's ghost (amateur TeAE)
  2016 | D:3      | Killed Zaque's ghost
  2016 | D:3      | Reached XP level 7. HP: 31/54 MP: 7/7
  2582 | D:4      | Reached skill level 5 in Armour
  2759 | D:4      | Reached skill level 6 in Shields
  2762 | D:4      | Found a white marble altar of Elyvilon.
  2963 | D:4      | Reached XP level 8. HP: 44/61 MP: 8/8
  3372 | D:4      | Found a staircase to the Ecumenical Temple.
  3381 | Temple   | Entered the Ecumenical Temple
  3387 | Temple   | Became a worshipper of Gozag Ym Sagoz the Greedy
  3766 | D:5      | Entered Level 5 of the Dungeon
  4024 | D:5      | Reached skill level 5 in Fighting
  4190 | D:5      | Found a shadowy altar of Dithmenos.
  4196 | D:5      | Found a sacrificial altar of Ru.
  4624 | D:6      | Reached skill level 7 in Shields
  4667 | D:6      | Noticed ANON1729's ghost (novice TeCj)
  4695 | D:6      | Killed ANON1729's ghost
  4695 | D:6      | Reached XP level 9. HP: 42/69 MP: 9/9
  4970 | D:6      | Found a glowing drain.
  5047 | Sewer    | Entered a sewer
  5101 | Sewer    | Noticed marsu's ghost (amateur GrMo)
  5132 | Sewer    | Killed marsu's ghost
  5549 | D:6      | Reached skill level 8 in Shields
  6062 | D:7      | Found Vawumuru's Assorted Antiques.
  6070 | D:7      | Bought a wand of scattershot (?/9) for 192 gold pieces
  6070 | D:7      | Bought a moonstone ring for 80 gold pieces
  6070 | D:7      | Bought 2 potions of heal wounds for 160 gold pieces
  6092 | D:7      | Found a deep blue altar of Sif Muna.
  6177 | D:7      | Reached skill level 1 in Evocations
  6365 | D:7      | Found a sparkling altar of Nemelex Xobeh.
  6373 | D:7      | Found an ancient bone altar of Kikubaaqudgha.
  6559 | D:8      | Noticed Pikel
  6600 | D:8      | Killed Pikel
  6600 | D:8      | Reached skill level 9 in Shields
  6600 | D:8      | Reached XP level 10. HP: 21/79 MP: 11/11
  7289 | D:8      | Noticed Joseph
  7329 | D:8      | Killed Joseph
  7532 | D:8      | Reached skill level 10 in Shields
  8366 | D:9      | Noticed Erica
  8442 | D:9      | Killed Erica
  8712 | D:9      | Reached skill level 5 in Long Blades
  8722 | D:9      | Reached XP level 11. HP: 84/87 MP: 14/14
  9037 | D:9      | Found Opofoc's Antique Armour Boutique.
  9048 | D:9      | Reached skill level 5 in Evocations
  9062 | D:9      | Bought a pair of gloves for 126 gold pieces
  9148 | D:10     | Entered Level 10 of the Dungeon
  9177 | D:10     | Noticed zebratul's ghost (journeyman TrTm)
  9463 | D:10     | Found a staircase to the Orcish Mines.
  9526 | D:10     | Noticed a two-headed ogre
  9543 | D:10     | Killed a two-headed ogre
  9562 | D:10     | Noticed a red ugly thing
  9563 | D:10     | Found a staircase to the Lair.
  9568 | D:10     | Slain by a red ugly thing

Skill      XL: |  1  2  3  4  5  6  7  8  9 10 11 |
---------------+----------------------------------+-----
Shields        | 4 5 6 7 9 10 | 10.9
Long Blades    | 3 4 5 6 |  6.6
Armour         | 4 5 7 8 9 |  9.2
Dodging        | 1 2 3 4 |  4.6
Fighting       | 4 6 7 8 |  8.6
Evocations     | 2 4 5 |  5.3

Action                   |  1- 3 |  4- 6 |  7- 9 | 10-12 || total
-------------------------+-------+-------+-------+-------++-------
Melee: Long sword        |    46 |       |       |       ||    46
       Short sword       |    45 |   240 |   745 |   309 ||  1339
       Scimitar          |       |       |       |    97 ||    97
  Use: Potion            |     2 |     1 |     2 |     7 ||    12
       Scroll            |       |       |    20 |     3 ||    23
 Stab: Distracted        |       |       |     4 |       ||     4
  Eat: Chunk             |       |     4 |     4 |       ||     8
       Bread ration      |       |       |     2 |     1 ||     3
       Meat ration       |       |       |     1 |     2 ||     3
Armor: Scale mail        |    33 |    58 |   123 |    18 ||   232
       Chain mail        |       |       |       |    55 ||    55
Dodge: Dodged            |    31 |    75 |   175 |   117 ||   398
Block: Shield            |    39 |    98 |   269 |   222 ||   628
       Rpst.: Long sword |     5 |       |       |       ||     5
       Scimitar          |       |       |       |    11 ||    11
